 Dungeon Crawl Stone Soup version 0.29.1-2-gbd0b4ee654 (console) character file.

Game seed: 14243082481617821684

118 om the Chopper (level 4, -4/40 HPs)
             Began as a Minotaur Monk on Nov 17, 2022.
             Slain by Sigmund
             ... wielding a +0 scythe
              (9 damage)
             ... on level 3 of the Dungeon.
             The game lasted 00:03:09 (1854 turns).

om the Chopper (Minotaur Monk)                      Turns: 1854, Time: 00:03:10

Health: -4/40      AC:  2    Str: 17 (18) XL:     4   Next: 72%
Magic:  3/3        EV: 12    Int:  4 (7)  God:
Gold:   141        SH:  0    Dex: 10 (12) Spells: 3/3 levels left

rFire   . . .      SeeInvis .   a - +0 hand axe
rCold   . . .      Faith    .   (no shield)
rNeg    . . .      Spirit   .   b - +0 robe
rPois   .          Reflect  .   (helmet restricted)
rElec   .          Harm     .   (no cloak)
rCorr   .          Rampage  .   (no gloves)
Will    .....                   (no boots)
Stlth   +.........              (no amulet)
HPRegen 0.13/turn               (no ring)
MPRegen 0.08/turn               (no ring)

@: confused, ambrosia-drunk
A: horns 2, retaliatory headbutt
a: no special abilities


You were on level 3 of the Dungeon.
You visited 1 branch of the dungeon, and saw 3 of its levels.

You collected 141 gold pieces.

Inventory:

Hand Weapons
 a - a +0 hand axe (weapon)
Armour
 b - a +0 robe (worn)
Wands
 k - a wand of paralysis (14)
Scrolls
 e - 2 scrolls of identify {unknown}
 h - a scroll of teleportation {unknown}
 i - a scroll of magic mapping {unknown}
 j - a scroll of butterflies {unknown}
Potions
 d - 2 potions of brilliance


   Skills:
 - Level 4.0 Fighting
 * Level 5.1 Axes
 + Level 2.2 Armour
 + Level 3.9 Dodging
 - Level 2.0 Stealth


You had 3 spell levels left.
You didn't know any spells.
Your spell library was empty.

Dungeon Overview and Level Annotations

Branches:
Dungeon (3/15)

Altars:

Annotations:
D:3 Robin, Sigmund


Innate Abilities, Weirdness & Mutations

You have a pair of horns on your head.
You reflexively headbutt those who attack you in melee.


Message History

The goblin hits you with a +0 dagger.
* * * LOW HITPOINT WARNING * * *
The goblin misses you. The goblin closely misses you.
The hobgoblin barely misses you. The goblin barely misses you.
Sigmund closely misses you.
It was a potion of degeneration.
There was something very wrong with that liquid.
You feel weakened.
You feel dopey.
You feel clumsy. The adder barely misses you. You furiously retaliate!
You headbutt the adder! The hobgoblin hits you.
* * * LOW HITPOINT WARNING * * *
The hobgoblin hits you.
* * * LOW HITPOINT WARNING * * *
The goblin closely misses you. You furiously retaliate!
You headbutt the goblin!
You kill the goblin!
The goblin closely misses you.
Robin roars a battlecry!
The hobgoblin goes into a battle-frenzy!
The goblin closely misses you.
You are confused.
You feel invigorated. The adder closely misses you.
Sigmund gestures wildly while chanting.
Sigmund flickers and vanishes!
Deactivating autopickup; reactivate with Ctrl-A.
The hobgoblin hits you.
* * * LOW HITPOINT WARNING * * *
The hobgoblin hits you.
* * * LOW HITPOINT WARNING * * *
The goblin barely misses you. The goblin closely misses you.
The goblin barely misses you.
You miss the adder.
The adder is severely wounded.
You hit the goblin. You slash the hobgoblin!
You kill the hobgoblin!
You hit the hobgoblin.
You kill the hobgoblin!
You miss the hobgoblin. You hit the goblin but do no damage.
You barely miss the goblin. The adder closely misses you. Something hits you!
You die...

...............##
................
...............#
.!...$.........
..............## .
.##............## ..
...........g.)..###.)
#.........


You could see Robin, an adder, a hobgoblin (strong) and 6 goblins.

Vanquished Creatures
  Jessica (D:2)
  A gnoll (D:1)
  3 adders (D:2)
  A worm (D:2)
  2 dart slugs (D:1)
  6 endoplasms
  2 giant cockroaches
  5 goblins
  7 hobgoblins
  8 jackals
  A quokka (D:1)
  3 ball pythons (D:1)
  2 bats (D:1)
  2 frilled lizards (D:1)
  3 kobolds
  A rat (D:1)
48 creatures vanquished.

Notes
Turn   | Place    | Note
-------+----------+-------------------------------------------
     0 | D:1      | om the Minotaur Monk began the quest for the Orb.
     0 | D:1      | Reached XP level 1. HP: 19/19 MP: 0/0
   331 | D:1      | Reached XP level 2. HP: 27/27 MP: 1/1
   337 | D:1      | Reached skill level 4 in Axes
   600 | D:1      | Reached skill level 1 in Armour
   602 | D:1      | Reached XP level 3. HP: 33/33 MP: 2/2
   919 | D:1      | Found a faded altar of an unknown god.
  1323 | D:2      | Noticed Jessica
  1327 | D:2      | Killed Jessica
  1328 | D:2      | Reached XP level 4. HP: 40/40 MP: 3/3
  1557 | D:2      | Reached skill level 5 in Axes
  1810 | D:3      | Noticed Sigmund
  1845 | D:3      | Noticed Robin
  1853 | D:3      | HP: 2/40 [hobgoblin (3)]
  1854 | D:3      | Slain by Sigmund

Illustrated notes

Levels and vault maps discovered:
D:1:      dpeg_arrival_leaves_temple_mockup, layout_basic,
          ebering_ecumenical_altar_mist, minmay_quantized
D:2:      layout_rooms, uniq_jessica
D:3:      layout_rooms, minmay_hedge_maze, uniq_sigmund, uniq_natasha,
          uniq_robin

Skill      XL: |  1  2  3  4 |
---------------+-------------+-----
Axes           | 4 5 |  5.1
Armour         | 1 2 |  2.2
Stealth        | 2 |  2.0
Fighting       | 4 |  4.0
Dodging        | |  3.9

Action                   |  1- 3 |  4- 6 || total
-------------------------+-------+-------++-------
Melee: Hand axe          |    58 |    23 ||    81
       Headbutt          |    19 |     4 ||    23
  Use: Potion            |       |     3 ||     3
 Stab: Sleeping          |     3 |       ||     3
Armor: Robe              |     6 |     5 ||    11
Dodge: Dodged            |    42 |    39 ||    81
